AoeStats
← kimbo

MegaRandom

508529716Analyzed
2v2 RM · 10d ago on Sep 22, 2026· 52m 58s· 4 players
Game mode
Random Map
Map size
Medium (4 player)
Population
200
Speed
Normal
Resources
Standard
Victory
Conquest
Starting age
Dark Age
Ending age
Imperial Age
RankedLock teamsTeams togetherTeam positionsShared explorationLock speedFull tech treeHidden civsTurbo modeCheats
Victory
Defeat
🇧🇷 Wu · Brazil
1697
+3
🇧🇷 Random · Brazil
1521
+6
🇦🇷 Tupi · Argentina
1323
-5
🇦🇷 Persians · Argentina
1274
-4
CORP_Marcus
6:41 Loom
10:02 Feudal Age
10:36 Double-Bit Axe
10:34 Horse Collar
12:49 Fletching
15:55 Wheelbarrow
19:48 Castle Age
21:06 Bow Saw
22:43 Hand Cart
25:21 Bodkin Arrow
25:27 Padded Archer Armor
29:43 Ballistics
35:21 Imperial Age
35:29 Cranequins
36:27 Leather Archer Armor
37:57 Bloodlines
39:02 Chemistry
38:26 Heavy Mounted Crossbowman
40:41 Conscription
41:03 Bracer
42:19 Ring Archer Armor
43:21 Husbandry
44:48 Scale Barding Armor
44:54 Forging
44:14 Vendel Legacy
46:29 Husbandry
45:50 Light Cavalry
49:49 Two-Man Saw
48:55 Squires
48:43 Arson
50:10 Chain Barding Armor
51:01 Iron Casting
50:03 Capped Ram
52:13 Hussar
52:37 Siege Ram
wEEBER
10:17 Feudal Age
14:04 Castle Age
15:04 Double-Bit Axe
15:59 Horse Collar
18:51 Bow Saw
21:32 Wheelbarrow
20:43 Loom
21:02 Fletching
21:54 Bodkin Arrow
24:25 Hand Cart
24:58 Ballistics
24:59 Padded Archer Armor
25:27 Gold Mining
27:40 Leather Archer Armor
27:26 Scale Mail Armor
29:56 Squires
36:09 Imperial Age
34:12 Heavy Plow
34:48 Gold Shaft Mining
34:04 Stone Mining
35:25 Chain Mail Armor
35:21 Forging
35:16 Arson
36:09 Scale Barding Armor
36:52 Bloodlines
36:42 Husbandry
36:53 Bracer
37:16 Conscription
37:12 Scale Barding Armor
37:45 Iron Casting
38:27 Chemistry
38:04 Plate Mail Armor
37:17 Heavy Hei Guang Cavalry
38:26 Chain Barding Armor
39:04 Plate Mail Armor
40:04 Plate Barding Armor
40:09 Town Watch
42:14 Blast Furnace
42:49 Blast Furnace
41:43 Elite Fire Archer
47:06 Sitting Tiger
48:35 Two-Man Saw
48:55 Light Cavalry
50:58 Guilds
50:32 Hussar
kimbo
9:44 Feudal Age
14:42 Castle Age
13:43 Double-Bit Axe
14:27 Loom
16:35 Fletching
24:35 Bodkin Arrow
26:27 Padded Archer Armor
28:43 Leather Archer Armor
34:28 Imperial Age
34:39 Elite Blackwood Archer
35:32 Bracer
36:59 Ballistics
37:40 Chemistry
37:35 Wheelbarrow
37:26 Horse Collar
42:11 Ring Archer Armor
48:50 Curare
Pingocho
8:41 Feudal Age
8:56 Loom
9:26 Double-Bit Axe
12:54 Wheelbarrow
19:36 Castle Age
17:39 Gold Mining
18:10 Scale Barding Armor
18:44 Bloodlines
20:27 Chain Barding Armor
21:32 Gold Shaft Mining
22:04 Horse Collar
22:53 Forging
23:36 Bow Saw
23:40 Husbandry
26:53 Stone Mining
27:55 Hand Cart
28:38 Iron Casting
31:42 Heavy Plow
34:57 Imperial Age
35:50 Plate Barding Armor
34:35 Cavalier
36:03 Crop Rotation
37:16 Two-Man Saw
37:59 Blast Furnace
38:17 Stone Shaft Mining
38:18 Conscription
38:56 Savar
41:43 Fletching
42:41 Light Cavalry
43:52 Hussar
47:47 Heavy Camel Rider
Connection lost

Rejoining the realm…

Still unreachable

The connection could not be restored.

Session expired

The server has moved on; the page needs a fresh start.